BSA
SO CAL BRUINS @ NEW ORLEANS LOOTERS
06/05/2030
 
TOP OF THE 1ST
So Cal Bruins batting - Pitching for New Orleans Looters : RHP Juan Martínez
Pitching: RHP Juan Martínez
Batting: SHB Martín De Jesús 0-0: Foul Ball, location: 2F
0-1: Ball
1-1: Foul Ball, location: 2F
1-2: Ball
2-2: SOLO HOME RUN (Flyball, 9LD), Distance : 353 ft
Batting: LHB Brent Alonzo 0-0: Called Strike
0-1: Ball
1-1: Swinging Strike
1-2: Ball
2-2: Ground out 5-3 (Groundball, 56S)
Batting: LHB José Antonio Santiago 0-0: Ball
1-0: Ball
2-0: Ball
3-0: Base on Balls
Batting: RHB William Richardson 0-0: Called Strike
José Antonio Santiago is caught stealing 2nd base
0-1: Foul Ball, location: 2F
0-2: Ball
1-2: Ball
2-2: Foul Ball, location: 2F
2-2: Strikes out swinging
Top of the 1st over - 1 run, 1 hit, 0 errors, 0 left on base; So Cal 1 - New Orleans 0
BOTTOM OF THE 1ST
New Orleans Looters batting - Pitching for So Cal Bruins : RHP Jeffrey King
Pitching: RHP Jeffrey King
Batting: LHB Miguel Colón 0-0: Called Strike
0-1: Called Strike
0-2: Foul Ball, location: 2F
0-2: Strikes out swinging
Batting: RHB Dave O'Loan 0-0: Ball
1-0: Foul Ball, location: 2F
1-1: Ball
2-1: Ball
3-1: SINGLE (Flyball, 89S)
Batting: SHB Arturo Sánchez 0-0: Fly out, F9 (Line Drive, 89D)
Batting: LHB Taylor Smith 0-0: Called Strike
0-1: Called Strike
0-2: Ball
1-2: Strikes out swinging
Bottom of the 1st over - 0 runs, 1 hit, 0 errors, 1 left on base; So Cal 1 - New Orleans 0
TOP OF THE 2ND
So Cal Bruins batting - Pitching for New Orleans Looters : RHP Juan Martínez
Batting: LHB Jeff Carter 0-0: Ball
1-0: Called Strike
1-1: Foul Ball, location: 2F
1-2: Ball
2-2: Ball
3-2: Base on Balls
Batting: RHB Greg King 0-0: Foul Ball, location: 2F
0-1: Ball
1-1: Called Strike
1-2: Ball
2-2: SINGLE (Groundball, 56S) (infield hit)
Jeff Carter to second
Batting: LHB Phil Smith 0-0: Ball
1-0: Ball
2-0: Ball
3-0: Base on Balls
Jeff Carter to third
Greg King to second
Batting: SHB Chris Woods 0-0: Ball
1-0: Ball
2-0: Ball
3-0: Called Strike
3-1: Swinging Strike
3-2: Foul Ball, location: 2F
3-2: Strikes out swinging
Batting: LHB Alberto Varela 0-0: Ball
1-0: Foul Ball, location: 2F
1-1: Ball
2-1: Ball
3-1: Swinging Strike
3-2: Base on Balls
Jeff Carter scores
Greg King to third
Phil Smith to second
Batting: SHB Martín De Jesús 0-0: Foul Ball, location: 2F
0-1: Foul Ball, location: 2F
0-2: Ball
1-2: Ball
2-2: Strikes out swinging
Batting: LHB Brent Alonzo 0-0: Ball
1-0: Called Strike
1-1: Ball
Wild Pitch!
Greg King scores
Phil Smith to third
Alberto Varela to second
2-1: SINGLE (Groundball, 6D)
Phil Smith scores
Alberto Varela to third
Runner from 3rd tries for Home, SAFE, throw made home
Batting: LHB José Antonio Santiago 0-0: Ball
1-0: Called Strike
1-1: SINGLE (Flyball, 7LS)
Brent Alonzo to second
Batting: RHB William Richardson 0-0: Ball
1-0: Foul Ball, location: 2F
1-1: Ground out 4-3 (Groundball, 4)
Top of the 2nd over - 4 runs, 3 hits, 0 errors, 2 left on base; So Cal 5 - New Orleans 0
BOTTOM OF THE 2ND
New Orleans Looters batting - Pitching for So Cal Bruins : RHP Jeffrey King
Batting: SHB Oliver Deleón 0-0: Ball
1-0: Swinging Strike
1-1: Ball
2-1: Ball
3-1: Base on Balls
Batting: RHB Ramón Hernández 0-0: Grounds into double play, 5-4-3 (Groundball, 56)
Batting: RHB Greg Handrahan 0-0: Ground out 6-3 (Groundball, 6)
Bottom of the 2nd over - 0 runs, 0 hits, 0 errors, 0 left on base; So Cal 5 - New Orleans 0
TOP OF THE 3RD
So Cal Bruins batting - Pitching for New Orleans Looters : RHP Juan Martínez
Batting: LHB Jeff Carter 0-0: Foul Ball, location: 2F
0-1: Ball
1-1: SINGLE (Line Drive, 8RS)
Batting: RHB Greg King 0-0: Ball
1-0: Fielders Choice at 2nd, 1-4 (Groundball, 15S)
Batting: LHB Phil Smith 0-0: Ball
1-0: Called Strike
1-1: Ball
2-1: Called Strike
2-2: Strikes out swinging
Batting: SHB Chris Woods 0-0: DOUBLE (Flyball, 78D)
Greg King to third
Runner from 3rd tries for Home, SAFE, no throw
Batting: LHB Alberto Varela 0-0: Ball
1-0: Foul Ball, location: 2F
1-1: Ground out 1-3 (Groundball, 13S)
Top of the 3rd over - 1 run, 2 hits, 0 errors, 1 left on base; So Cal 6 - New Orleans 0
BOTTOM OF THE 3RD
New Orleans Looters batting - Pitching for So Cal Bruins : RHP Jeffrey King
Batting: RHB Dan Banks 0-0: Called Strike
0-1: Swinging Strike
0-2: Ball
1-2: Foul Ball, location: 2F
1-2: Foul Ball, location: 2F
1-2: Strikes out looking
Batting: RHB Run-ming Zhu 0-0: Called Strike
0-1: Foul Ball, location: 2F
0-2: Foul Ball, location: 2F
0-2: Ball
1-2: Ball
2-2: Foul Ball, location: 2F
2-2: Ball
3-2: Ground out 5-3 (Groundball, 5)
Batting: LHB Miguel Colón 0-0: Fly out, F7 (Flyball, 7D)
Bottom of the 3rd over - 0 runs, 0 hits, 0 errors, 0 left on base; So Cal 6 - New Orleans 0
TOP OF THE 4TH
So Cal Bruins batting - Pitching for New Orleans Looters : RHP Juan Martínez
Batting: SHB Martín De Jesús 0-0: Foul Ball, location: 2F
0-1: Ball
1-1: Foul Ball, location: 2F
1-2: Ball
2-2: Foul Ball, location: 2F
2-2: SINGLE (Groundball, 4MD)
Batting: LHB Brent Alonzo 0-0: Ball
1-0: Ball
2-0: SINGLE (Line Drive, 6D)
Martín De Jesús to second
Batting: LHB José Antonio Santiago 0-0: Ball
1-0: Ball
2-0: Ball
3-0: Called Strike
3-1: Fly out, F9 (Flyball, 9D)
Runner from 2nd tags up, SAFE at 3rd, no throw
Batting: RHB William Richardson 0-0: Called Strike
0-1: Ball
1-1: Grounds into double play, 4-6-3 (Groundball, 4)
Top of the 4th over - 0 runs, 2 hits, 0 errors, 1 left on base; So Cal 6 - New Orleans 0
BOTTOM OF THE 4TH
New Orleans Looters batting - Pitching for So Cal Bruins : RHP Jeffrey King
Batting: RHB Dave O'Loan 0-0: Called Strike
0-1: Foul Ball, location: 2F
0-2: Strikes out looking
Batting: SHB Arturo Sánchez 0-0: Called Strike
0-1: Ball
1-1: Foul Ball, location: 2F
1-2: Ball
2-2: Fly out, F8 (Flyball, 8LS)
Batting: LHB Taylor Smith 0-0: Ball
1-0: Called Strike
1-1: Ball
2-1: Ground out U3 (Groundball, 3L)
Bottom of the 4th over - 0 runs, 0 hits, 0 errors, 0 left on base; So Cal 6 - New Orleans 0
TOP OF THE 5TH
So Cal Bruins batting - Pitching for New Orleans Looters : RHP Juan Martínez
Pitching: LHP Dan Rogers
Batting: LHB Jeff Carter 0-0: Swinging Strike
0-1: Ball
1-1: Swinging Strike
1-2: Ball
2-2: Foul Ball, location: 2F
2-2: Ball
3-2: SINGLE (Line Drive, 3)
Batting: RHB Greg King 0-0: Ball
1-0: Ball
Wild Pitch!
Jeff Carter to second
2-0: SINGLE (Groundball, 56D)
Jeff Carter to third
Batting: LHB Phil Smith 0-0: Ball
1-0: Called Strike
1-1: Swinging Strike
1-2: Ball
2-2: Ball
3-2: Fielders Choice at 2nd, 3-6 (Groundball, 3)
Jeff Carter scores
Batting: SHB Chris Woods 0-0: Ball
1-0: Ball
2-0: Foul Ball, location: 2F
2-1: Foul Ball, location: 2F
2-2: Foul Ball, location: 2F
2-2: Ball
3-2: Foul Ball, location: 2F
3-2: Strikes out looking
Batting: LHB Alberto Varela 0-0: Called Strike
0-1: Foul Ball, location: 2F
0-2: Foul Ball, location: 2F
0-2: Ball
1-2: Ball
2-2: Ground out 4-3 (Groundball, 4)
Top of the 5th over - 1 run, 2 hits, 0 errors, 1 left on base; So Cal 7 - New Orleans 0
BOTTOM OF THE 5TH
New Orleans Looters batting - Pitching for So Cal Bruins : RHP Jeffrey King
Batting: SHB Oliver Deleón 0-0: Fly out, F7 (Line Drive, 7D)
Batting: RHB Ramón Hernández 0-0: Called Strike
0-1: Ball
1-1: Foul Ball, location: 2F
1-2: Foul Ball, location: 2F
1-2: Foul Ball, location: 2F
1-2: Strikes out swinging
Batting: RHB Greg Handrahan 0-0: Ball
1-0: Foul Ball, location: 2F
1-1: Called Strike
1-2: Ground out 6-3 (Groundball, 56D)
Bottom of the 5th over - 0 runs, 0 hits, 0 errors, 0 left on base; So Cal 7 - New Orleans 0
TOP OF THE 6TH
So Cal Bruins batting - Pitching for New Orleans Looters : LHP Dan Rogers
Batting: SHB Martín De Jesús 0-0: Ball
1-0: Ball
2-0: Called Strike
2-1: Foul Ball, location: 2F
2-2: Ball
3-2: Foul Ball, location: 2F
3-2: TRIPLE (Line Drive, 9D)
Batting: LHB Brent Alonzo 0-0: Ball
1-0: Foul Ball, location: 2F
1-1: Ground out 5-3 (Groundball, 56)
Martín De Jesús scores
Batting: LHB José Antonio Santiago 0-0: Ball
1-0: Called Strike
1-1: Ball
2-1: SINGLE (Line Drive, 4MD)
Batting: RHB William Richardson 0-0: Ball
1-0: Foul Ball, location: 2F
1-1: Swinging Strike
1-2: Ball
2-2: Ball
3-2: Foul Ball, location: 2F
3-2: Foul Ball, location: 2F
3-2: Ground out 6-3 (Groundball, 6)
José Antonio Santiago to second
Batting: LHB Jeff Carter 0-0: Foul Ball, location: 2F
0-1: SINGLE (Groundball, 34D)
José Antonio Santiago to third
Runner from 3rd tries for Home, SAFE, throw made home
Jeff Carter to second
Batting: RHB Greg King 0-0: Foul Ball, location: 2F
0-1: Ball
1-1: SINGLE (Line Drive, 4M)
Jeff Carter to third
Runner from 3rd tries for Home, SAFE, no throw
Batting: LHB Phil Smith 0-0: Ball
1-0: Ball
2-0: Called Strike
2-1: SINGLE (Groundball, 3L) (infield hit)
Greg King to second
Batting: SHB Chris Woods 0-0: Called Strike
0-1: SINGLE (Groundball, 6MD)
Greg King to third
Phil Smith to second
Runner from 3rd tries for Home, throw and OUT!
Top of the 6th over - 3 runs, 6 hits, 0 errors, 2 left on base; So Cal 10 - New Orleans 0
BOTTOM OF THE 6TH
New Orleans Looters batting - Pitching for So Cal Bruins : RHP Jeffrey King
Batting: RHB Dan Banks 0-0: Ball
1-0: Ball
2-0: Ball
3-0: Called Strike
3-1: Ground out 6-3 (Groundball, 6)
Batting: RHB Run-ming Zhu 0-0: Swinging Strike
0-1: Swinging Strike
0-2: Ball
1-2: Ball
2-2: Strikes out looking
Batting: LHB Miguel Colón 0-0: Ball
1-0: Foul Ball, location: 2F
1-1: Ground out 4-3 (Groundball, 4)
Bottom of the 6th over - 0 runs, 0 hits, 0 errors, 0 left on base; So Cal 10 - New Orleans 0
TOP OF THE 7TH
So Cal Bruins batting - Pitching for New Orleans Looters : LHP Dan Rogers
Batting: LHB Alberto Varela 0-0: Ball
1-0: Ground out 4-3 (Groundball, 4)
Batting: SHB Martín De Jesús 0-0: Ball
1-0: Called Strike
1-1: DOUBLE (Line Drive, 7LM)
Batting: LHB Brent Alonzo 0-0: Ball
1-0: Called Strike
1-1: Called Strike
1-2: Foul Ball, location: 2F
1-2: Ground out 6-3 (Groundball, 6)
Batting: LHB José Antonio Santiago 0-0: Foul Ball, location: 2F
0-1: Ground out 4-3 (Groundball, 4)
Top of the 7th over - 0 runs, 1 hit, 0 errors, 1 left on base; So Cal 10 - New Orleans 0
BOTTOM OF THE 7TH
New Orleans Looters batting - Pitching for So Cal Bruins : RHP Jeffrey King
Batting: RHB Dave O'Loan 0-0: Called Strike
0-1: Ball
1-1: Swinging Strike
1-2: Strikes out looking
Batting: SHB Arturo Sánchez 0-0: Ball
1-0: Swinging Strike
1-1: Foul Ball, location: 2F
1-2: Foul Ball, location: 2F
1-2: Ball
2-2: Fly out, F8 (Flyball, 8LD)
Batting: LHB Taylor Smith 0-0: Ball
1-0: Foul Ball, location: 2F
1-1: Ball
2-1: Ball
3-1: Foul Ball, location: 2F
3-2: Ground out 4-3 (Groundball, 34)
Bottom of the 7th over - 0 runs, 0 hits, 0 errors, 0 left on base; So Cal 10 - New Orleans 0
TOP OF THE 8TH
So Cal Bruins batting - Pitching for New Orleans Looters : LHP Dan Rogers
Pitching: RHP Fergus Wakeford
Batting: RHB William Richardson 0-0: Ball
1-0: Ball
2-0: Ball
3-0: Called Strike
3-1: SINGLE (Groundball, 34S) (infield hit)
Batting: LHB Jeff Carter 0-0: Ball
1-0: 2-RUN HOME RUN (Flyball, 89XD), Distance : 396 ft
Batting: RHB Greg King 0-0: DOUBLE (Line Drive, 78XD)
Batting: LHB Phil Smith 0-0: Ball
1-0: Called Strike
1-1: 2-RUN HOME RUN (Line Drive, 9D), Distance : 375 ft
Pitching: RHP Ienobu Sato
Batting: SHB Chris Woods 0-0: Ball
1-0: Ball
2-0: Called Strike
2-1: Ground out 1-3 (Groundball, 15S)
Batting: LHB Alberto Varela 0-0: Ball
1-0: Ball
2-0: Called Strike
2-1: Swinging Strike
2-2: Foul Ball, location: 2F
2-2: Ball
3-2: Foul Ball, location: 2F
3-2: Strikes out looking
Batting: SHB Martín De Jesús 0-0: SINGLE (Line Drive, 7S)
Batting: LHB Brent Alonzo 0-0: Foul Ball, location: 2F
0-1: Ball
1-1: Swinging Strike
1-2: Ball
2-2: Strikes out swinging
Top of the 8th over - 4 runs, 5 hits, 0 errors, 1 left on base; So Cal 14 - New Orleans 0
BOTTOM OF THE 8TH
New Orleans Looters batting - Pitching for So Cal Bruins : RHP Jeffrey King
Batting: SHB Oliver Deleón 0-0: Called Strike
0-1: Fly out, F9 (Flyball, 9D)
Batting: RHB Ramón Hernández 0-0: Ball
1-0: SINGLE (Line Drive, 56)
Batting: RHB Greg Handrahan 0-0: Foul Ball, location: 2F
0-1: Fielders Choice at 2nd, 4-6 (Groundball, 4)
Batting: RHB Dan Banks 0-0: Ball
1-0: Foul Ball, location: 2F
1-1: Ball
2-1: Ground out 1-3 (Groundball, 13)
Bottom of the 8th over - 0 runs, 1 hit, 0 errors, 1 left on base; So Cal 14 - New Orleans 0
TOP OF THE 9TH
So Cal Bruins batting - Pitching for New Orleans Looters : RHP Ienobu Sato
Batting: LHB José Antonio Santiago 0-0: Foul Ball, location: 2F
0-1: Fly out, F8 (Flyball, 8LD)
Batting: RHB William Richardson 0-0: Ball
1-0: DOUBLE (Groundball, 3L)
Batting: LHB Jeff Carter 0-0: 2-RUN HOME RUN (Flyball, 9LD), Distance : 359 ft
Batting: RHB Greg King 0-0: Called Strike
0-1: Ball
1-1: Foul Ball, location: 2F
1-2: Strikes out swinging
Batting: LHB Phil Smith 0-0: Ball
1-0: SINGLE (Groundball, 6MD)
Batting: SHB Chris Woods 0-0: Ball
1-0: Ball
2-0: Foul Ball, location: 2F
2-1: Ball
3-1: Swinging Strike
3-2: Strikes out swinging
Top of the 9th over - 2 runs, 3 hits, 0 errors, 1 left on base; So Cal 16 - New Orleans 0
BOTTOM OF THE 9TH
New Orleans Looters batting - Pitching for So Cal Bruins : RHP Jeffrey King
Now at 1B: José Delgado
Now in CF: Pedro Mata
Batting: RHB Run-ming Zhu 0-0: Foul Ball, location: 2F
0-1: Swinging Strike
0-2: Ball
1-2: Strikes out swinging
Batting: LHB Miguel Colón 0-0: Ball
1-0: Called Strike
1-1: SINGLE (Line Drive, 78S)
Batting: RHB Dave O'Loan 0-0: Ball
1-0: Foul Ball, location: 2F
1-1: Foul Ball, location: 2F
1-2: Foul Ball, location: 2F
1-2: Strikes out swinging
Batting: SHB Arturo Sánchez 0-0: Ball
1-0: Swinging Strike
1-1: Ball
2-1: Fly out, F7 (Flyball, 78M)
Bottom of the 9th over - 0 runs, 1 hit, 0 errors, 1 left on base; So Cal 16 - New Orleans 0
Saturday, April 7th, 2018 - OOTP Baseball 18.8 Build 76